 Dungeon Crawl Stone Soup version 0.27-a0-972-gd1521fd518 (webtiles) character file.

Game seed: 2872905544818249449

47 kae the Ruffian (level 3, 0/28 HPs)
             Began as a Draconian Transmuter on Apr 13, 2021.
             Succumbed to an adder's poison
             ... on level 2 of the Dungeon.
             The game lasted 00:00:39 (1435 turns).

kae the Ruffian (Draconian Transmuter)              Turns: 1435, Time: 00:00:40

Health: 0/28       AC:  5    Str: 12    XL:     3   Next: 48%
Magic:  6/6        EV: 12    Int: 14    God:
Gold:   59         SH:  0    Dex: 11    Spells: 5/6 levels left

rFire    . . .     SeeInvis .     - Unarmed
rCold    . . .     Faith    .   (no shield)
rNeg     . . .     Spirit   .   (armour unavailable)
rPois    .         Reflect  .   (helmet restricted)
rElec    .         Harm     .   (no cloak)
rCorr    .         Rampage  .   (no gloves)
Will     .....                  (no boots)
Stlth    +.........             (no amulet)
HPRegen  0.09/turn              (no ring)
MPRegen  0.10/turn              (no ring)

@: lethally poisoned (0 -> -3)
A: AC +5, unfitting armour, cold-blooded
a: no special abilities


You were on level 2 of the Dungeon.
You visited 1 branch of the dungeon, and saw 2 of its levels.

You collected 59 gold pieces.

Inventory:

Wands
 a - a wand of flame (29)


   Skills:
 + Level 1.5 Fighting
 + Level 2.0 Dodging
 * Level 3.6 Unarmed Combat
 + Level 2.2 Spellcasting
 * Level 2.6 Transmutations


You had 5 spell levels left.
You knew the following spells:

 Your Spells              Type           Power      Damage    Failure   Level
a - Beastly Appendage     Tmut           18%        N/A       8%          1

Your spell library contained the following spells:

 Spells                   Type           Power      Damage    Failure   Level
 Wereblood                Tmut           9%         N/A       12%         2
 Spider Form              Tmut/Pois      2%         N/A       38%         3
 Ice Form                 Ice/Tmut       5%         N/A       80%         4
 Hydra Form               Tmut           4%         N/A       91%         5


Dungeon Overview and Level Annotations

Branches:
Dungeon (2/15)

Altars:


Innate Abilities, Weirdness & Mutations

Your plain brown scales are hard. (AC +5)
You cannot fit into any form of body armour.
You are cold-blooded and may be slowed by cold attacks.


Message History

You barely miss the adder. You claw the adder.
Your tail-slap misses the adder.
The adder is severely wounded.
You feel sick. The adder barely misses you. The adder bites you.
You are more poisoned.
The adder poisons you!
You miss the adder. Your kick misses the adder.
The adder is heavily wounded.
You feel sick. The adder bites you but does no damage.
You closely miss the adder. You claw the adder. Your headbutt misses the adder.
Your tail-slap misses the adder.
The adder is almost dead.
You feel sick. The adder bites you.
* * * LOW HITPOINT WARNING * * *
You are lethally poisoned!
The adder poisons you!
You closely miss the adder.
The adder is almost dead.
* * * LOW HITPOINT WARNING * * *
You feel sick. The adder bites you but does no damage.
You punch the adder!
You kill the adder!
* * * LOW HITPOINT WARNING * * *
You feel sick.
You aren't carrying any potions.
There is a lethal amount of poison in your body!
You aren't carrying any scrolls.
There is a lethal amount of poison in your body!
There is a lethal amount of poison in your body!
There is a lethal amount of poison in your body!
There is a lethal amount of poison in your body!
There is a lethal amount of poison in your body!
There is a lethal amount of poison in your body!
* * * LOW HITPOINT WARNING * * *
You feel sick.
* * * LOW HITPOINT WARNING * * *
You feel sick.
* * * LOW HITPOINT WARNING * * *
You feel sick.
Your horns disappear.
Your talons disappear.
You die...

...## ##..# .# ....
.##.## ... ... .##..##
#.. ..# ..#...######.##
..# .# #.###..........#
>.##.##
#...##.######...#.......
###..#.## #..).....#
##(...# #.#@†....#
###..# #........# ##.#
###.......# ###
##.........#
##..#.......# #######
##...........#
......####[...##......#
#####......############
.#####...###


There were no monsters in sight!

Vanquished Creatures
  2 adders (D:2)
  A dart slug (D:1)
  A bat (D:1)
  An endoplasm (D:1)
  2 giant cockroaches (D:1)
  2 goblins
  4 hobgoblins
  3 jackals (D:1)
  4 kobolds (D:1)
  2 frilled lizards
  3 rats
25 creatures vanquished.

Notes
Turn   | Place    | Note
-------+----------+-------------------------------------------
     0 | D:1      | kae the Draconian Transmuter began the quest for the Orb.
     0 | D:1      | Reached XP level 1. HP: 16/16 MP: 3/3
   499 | D:1      | Reached XP level 2. HP: 18/23 MP: 3/5
   785 | D:1      | Found a faded altar of an unknown god.
  1407 | D:2      | Reached XP level 3. HP: 28/28 MP: 6/6
  1434 | D:2      | HP: 1/28 [poisoned by an adder]
  1435 | D:2      | Succumbed to an adder's poison

Illustrated notes

Levels and vault maps discovered:
D:1:      amcnicky_arrival_blooded_trapdoor, layout_basic,
          chequers_ecumenical_altar_lobes
D:2:      layout_rooms, serial_shops, shop, hex_large

Skill      XL: |  1  2 |
---------------+-------+-----
Dodging        | 2 |  2.0
Fighting       | |  1.5
Unarmed Combat | |  3.6
Spellcasting   | |  2.2
Transmutations | |  2.6

Action                   || total
-------------------------++-------
Melee: Unarmed           ||    84
       Tailslap          ||     5
       Kick              ||    12
       Headbutt          ||     7
       Punch             ||     2
 Cast: Beastly Appendage ||    16
  Use: Scroll            ||     1
Armor: Skin              ||    19
Dodge: Dodged            ||    69

Table legend: (Time is in decaauts)
 A = Elapsed time spent in this place.
 B = Non-inter-level travel time spent in this place.
 C = Inter-level travel time spent in this place.
 D = Time resting spent in this place.
 E = Time spent auto-exploring this place.
 F = Levels seen in this place.
 G = Mean time per level.
                   A        B        C        D        E       F      G
               +--------+--------+--------+--------+--------+-----+--------+
         Total |   1430 |   1420 |     10 |      0 |   1235 |   2 |  715.0 |
       Dungeon |   1430 |   1420 |     10 |      0 |   1235 |   2 |  715.0 |
               +--------+--------+--------+--------+--------+-----+--------+

Top non-repeatable levels by time:
     D:1: 1222 daAuts
     D:2: 207 daAuts
